 Dungeon Crawl Stone Soup version 0.25.1-9-gc5326a611f (webtiles) character file.

Game seed: 10222035026959702858

55093 DumpfeFlamme the Basher (level 14, -7/171 HPs)
             Began as a Demonspawn Berserker on Aug 2, 2021.
             Was a High Priest of Trog.
             Killed by divine providence
             ... invoked by an orc high priest
              (13 damage)
             ... on level 2 of the Orcish Mines on Aug 5, 2021.
             The game lasted 01:42:56 (23424 turns).

DumpfeFlamme the Basher (Demonspawn Berserker)     Turns: 23424, Time: 01:42:56

Health: -7/171     AC:  8    Str: 24    XL:     14   Next: 37%
Magic:  4/4        EV: 18    Int:  9    God:    Trog [*****.]
Gold:   1327       SH: 12    Dex: 15    Spells: 13/13 levels left

rFire    . . .     SeeInvis .   N - +7 demon whip (antimagic)
rCold    . . .     Gourm    .   y - +0 kite shield
rNeg     . . .     Faith    .   S - +3 leather armour "Coedifoi" {*Corrode rPois MR+ Str+4}
rPois    +         Spirit   .   b - +0 helmet
rElec    .         Reflect  .   M - scarf {repulsion}
rCorr    .         Harm     .   C - +0 pair of gloves
MR       ++++.                  (boots unavailable)
Stlth    ..........             O - amulet of magic regeneration
HPRegen  1.38/turn              i - ring of poison resistance
MPRegen  0.34/turn              o - +4 ring of protection

@: mighty, berserking (expiring), lethally poisoned (-7 -> -7), corroded,
regenerating, hasted, repel missiles, very quick
A: talons 3, thin metallic scales 2, powered by pain 2, rot immunity
a: Berserk, Trog's Hand, Brothers in Arms, Renounce Religion


You were on level 2 of the Orcish Mines.
You worshipped Trog.
Trog was extremely pleased with you.
You were near starving.

You visited 4 branches of the dungeon, and saw 19 of its levels.

You collected 1687 gold pieces.
You spent 360 gold pieces at shops.

Inventory:

Hand Weapons
 E - a +0 morningstar
 I - a +5 flail
 J - a +2 mace of protection
 N - a +7 antimagic demon whip (weapon)
Missiles
 a - 3 atropa-tipped darts (quivered)
 d - 18 poisoned darts
 P - 4 silver javelins
Armour
 b - a +0 helmet (worn)
 n - a +0 ring mail
 u - the +8 plate armour of Zastrejip {+Inv MR+ Slay-4}
   (You found it on level 6 of the Dungeon)

   It affects your accuracy and damage with ranged weapons and melee attacks
   (-4).
   It affects your resistance to hostile enchantments.
   It lets you turn invisible.
 y - a +0 kite shield (worn)
 C - a +0 pair of gloves (worn)
 H - a +1 chain mail of poison resistance
 M - a scarf of repulsion (worn)
 S - the +3 leather armour "Coedifoi" (worn) {*Corrode rPois MR+ Str+4}
   (You found it on level 5 of the Lair of Beasts)

   It affects your strength (+4).
   It protects you from poison.
   It affects your resistance to hostile enchantments.
   It may corrode you when you take damage.
Jewellery
 i - a ring of poison resistance (left hand)
 o - a +4 ring of protection (right hand)
 q - an uncursed amulet of the acrobat
 F - an uncursed ring of ice
 O - an amulet of magic regeneration (around neck)
 U - an uncursed ring of stealth {unknown}
Wands
 g - a wand of random effects (62)
 p - a wand of acid (35)
 r - a wand of iceblast (5)
 A - a wand of clouds (3)
Scrolls
 e - 5 scrolls of identify
 j - 9 scrolls of magic mapping
 k - 4 scrolls of enchant armour
 s - 6 scrolls of teleportation
 t - a scroll of immolation
 x - 6 scrolls of remove curse
 K - 3 scrolls of vulnerability
Potions
 f - a potion of lignification
 h - a potion of stabbing
 l - a potion of brilliance
 m - a potion of cancellation
 v - 4 potions of curing
 z - a potion of mutation
 B - 2 potions of invisibility
 D - a potion of heal wounds
 R - a potion of might
 T - a potion of magic
Miscellaneous
 w - a tin of tremorstones (3/3)
Comestibles
 c - 42 rations


   Skills:
 + Level 11.7 Fighting
 * Level 14.4 Maces & Flails
 + Level 8.7 Armour
 + Level 10.6 Dodging
 - Level 8.0 Shields


You had 13 spell levels left.
You didn't know any spells.
Your spell library was empty.

Dungeon Overview and Level Annotations

Branches:
Dungeon (10/15)            Temple (1/1) D:4            Lair (6/6) D:9
 Shoals (0/4) Lair:4       Spider (0/4) Lair:4        Slime (0/5) Lair:6
    Orc (2/2) D:9             Elf (0/3) Orc:2

Altars:
Ashenzari
Cheibriados
Dithmenos
Elyvilon
Fedhas
Gozag
Hepliaklqana
Kikubaaqudgha
Makhleb
Nemelex Xobeh
Okawaru
Qazlal
Ru
Sif Muna
Trog
Uskayaw
Vehumet
Wu Jian
Xom
Yredelemnul
Zin
The Shining One
Jiyva

Shops:
D:8 *   D:9 [   D:10 ?

Annotations:
D:8 1 exclusion
Lair:2 exclusion: orange crystal statue


Innate Abilities, Weirdness & Mutations

You have claws for feet.
You are mostly covered in thin metallic scales. (AC +3)
You sometimes gain power by taking damage.
You are immune to rotting.


Message History

The orc priest shouts!
The orc knight no longer looks unusually strong.
The orc priest no longer looks unusually strong.
The orc warrior no longer looks unusually strong.
Something hits your deep troll. Something freezes your deep troll.
Your deep troll bites the orc priest!!
The orc priest dies!
Trog accepts your kill.
The orc warrior throws a boomerang.
The boomerang completely misses you.
The weapon returns to the orc warrior!
The orc priest casts a cantrip, but nothing happens.
Things that are here:
a +0 mace; a +0 leather armour You are too berserk!
You thrash the orc warrior!! You claw the orc warrior.
The orc warrior is severely wounded.
The orc high priest prays.
The orc high priest calls down the wrath of Beogh upon you.
Beogh smites you!
You die...

..## ##.....## .....##
##.........# ..o....##
##............
.oo.o..o###.............
#o#o#.#)#o#.#.#.#.#.#.#.
.....oooT)..............
...ooooo#)#)............
..o.oooo.o..............
.#.#.#@#.#.#.#.#.#.#.#.
......o§###.............
.......## ##............
.....## ###.........#
...## ###.....### ##
#######
####################
#..#...............)
##...................


You could see 3 orc knights, 3 orc high priests, 10 orc warriors, 4 orc priests,
2 orcs and a friendly deep troll (summoned, berserk).

Vanquished Creatures
  Fannar (D:10)
  5 hydras
  A catoblepas (Lair:5)
  7 death yaks (Lair:5)
  A queen ant (D:8)
  A two-headed ogre (D:10)
  2 orc high priests (Orc:2)
  Nergalle (Lair:3)
  Urug (Lair:3)
  3 orc knights (Orc:2)
  5 elephants (Lair:4)
  3 merfolk sirens (Lair:4)
  24 spiny frogs
  2 gargoyles (D:10)
  8 komodo dragons
  2 rime drakes
  A troll (Orc:2)
  3 meliai (Lair:4)
  3 tyrant leeches (Lair:6)
  A polar bear (Lair:5)
  A queen bee (Lair:4)
  A merfolk (Lair:4)
  19 blink frogs
  7 hippogriffs
  2 dream sheep (D:8)
  32 yaks
  3 wyverns
  6 vampire mosquitoes (Lair:6)
  An acid dragon (D:7)
  3 wargs (Orc:2)
  5 water moccasins
  6 porcupines
  20 soldier ants
  A black bear (D:10)
  3 ice beasts
  10 orc warriors
  3 sky beasts
  A swamp drake (D:9)
  2 phantoms
  10 ogres
  2 centaurs
  11 wolves
  7 crocodiles
  3 big kobolds (D:8)
  13 bullfrogs
  A water moccasin zombie (D:9)
  A water moccasin skeleton (D:8)
  3 scorpions
  27 killer bees
  8 wights
  5 howler monkeys
  3 electric eels
  3 crimson imps
  2 bullfrog zombies
  14 orc priests
  Ijyb (D:5)
  5 hounds
  12 orc wizards
  3 bullfrog skeletons
  A jelly (D:5)
  Terence (D:2)
  9 hell rats
  An iguana (D:6)
  22 worker ants
  2 hound skeletons
  Robin (D:2)
  4 gnolls (D:7)
  8 adders
  2 howler monkey skeletons
  8 river rats (Lair:5)
  2 shadow imps
  An adder zombie (D:6)
  5 worms
  4 dart slugs
  4 leopard geckos
  45 orcs
  A ball python (D:7)
  6 bats
  4 giant cockroaches
  15 goblins
  7 hobgoblins
  14 jackals
  5 quokkas
  7 frilled lizards
  7 kobolds
  A quokka skeleton (D:7)
  10 rats
  3 fungi
  A plant (Lair:3)
536 creatures vanquished.

Vanquished Creatures (collateral kills)
  2 orc knights (Orc:2)
  4 orc warriors (Orc:2)
  An orc priest (Orc:2)
  An iguana (D:9)
  4 orcs (Orc:2)
12 creatures vanquished.

Vanquished Creatures (others)
  20 fungi
  41 plants
61 creatures vanquished.

Grand Total: 609 creatures vanquished

Notes
Turn   | Place    | Note
-------+----------+-------------------------------------------
     0 | D:1      | DumpfeFlamme the Demonspawn Berserker began the quest for
                  | the Orb.
     0 | D:1      | Reached XP level 1. HP: 18/18 MP: 1/1
   229 | D:1      | Gained mutation: You have sharp toenails. [demonic
                  | ancestry]
   229 | D:1      | Reached XP level 2. HP: 24/24 MP: 2/2
   234 | D:1      | Reached skill level 3 in Maces & Flails
   769 | D:2      | Noticed Robin
   937 | D:2      | Noticed Terence
   948 | D:2      | Killed Terence
   948 | D:2      | Reached XP level 3. HP: 29/29 MP: 3/3
  1098 | D:2      | Gained mutation: You are immune to rotting. [demonic
                  | ancestry]
  1098 | D:2      | Reached XP level 4. HP: 21/35 MP: 4/4
  1241 | D:2      | Found a radiant altar of Vehumet.
  1420 | D:2      | Reached ** piety under Trog
  1562 | D:2      | Killed Robin
  2246 | D:2      | Gained mutation: You are partially covered in thin metallic
                  | scales. (AC +2) [demonic ancestry]
  2246 | D:2      | Reached XP level 5. HP: 34/42 MP: 5/5
  2594 | D:3      | Reached skill level 4 in Maces & Flails
  3094 | D:3      | Found an iron altar of Okawaru.
  3102 | D:3      | Reached *** piety under Trog
  3108 | D:3      | Gained mutation: You sometimes gain a little power by
                  | taking damage. [demonic ancestry]
  3108 | D:3      | Reached XP level 6. HP: 38/48 MP: 6/6
  3563 | D:4      | Found a staircase to the Ecumenical Temple.
  3580 | Temple   | Entered the Ecumenical Temple
  3734 | D:4      | Reached skill level 5 in Maces & Flails
  3734 | D:4      | Reached XP level 7. HP: 37/55 MP: 7/7
  4321 | D:5      | Entered Level 5 of the Dungeon
  4720 | D:5      | Reached skill level 5 in Fighting
  4827 | D:5      | Noticed Ijyb
  4848 | D:5      | Killed Ijyb
  4865 | D:5      | Reached skill level 6 in Maces & Flails
  4865 | D:5      | Reached XP level 8. HP: 39/62 MP: 8/8
  5562 | D:6      | Got a fine plate armour
  5571 | D:6      | Identified the +8 plate armour of Zastrejip {+Inv MR+
                  | Slay-4} (You found it on level 6 of the Dungeon)
  6368 | D:6      | Found a bloodstained altar of Trog.
  6577 | D:7      | Reached skill level 9 in Maces & Flails
  6577 | D:7      | Reached XP level 9. HP: 58/72 MP: 9/9
  6870 | D:7      | Reached **** piety under Trog
  7226 | D:7      | Found an opulent altar of Gozag.
  7227 | D:7      | Found an ancient bone altar of Kikubaaqudgha.
  7262 | D:7      | Found a basalt altar of Yredelemnul.
  7750 | D:7      | Reached XP level 10. HP: 49/79 MP: 10/10
  8898 | D:8      | Reached skill level 10 in Maces & Flails
  8924 | D:8      | Noticed a three-headed hydra
  8929 | D:8      | Killed a three-headed hydra
  9103 | D:8      | Reached skill level 5 in Shields
 10002 | D:8      | Reached ***** piety under Trog
 10052 | D:8      | Gained mutation: You have razor-sharp toenails. [demonic
                  | ancestry]
 10052 | D:8      | Reached XP level 11. HP: 81/87 MP: 11/11
 10117 | D:8      | Noticed a queen ant
 10660 | D:8      | Killed a queen ant
 10978 | D:8      | Found Kaerofet's General Store.
 11122 | D:9      | Found Gyegagok's Armour Shop.
 11346 | D:9      | Found a staircase to the Orcish Mines.
 11889 | D:9      | Found a staircase to the Lair.
 11968 | D:9      | Reached skill level 11 in Maces & Flails
 12128 | D:10     | Entered Level 10 of the Dungeon
 12298 | D:10     | Noticed Fannar
 12312 | D:10     | Killed Fannar
 12435 | D:10     | Received a gift from Trog
 12519 | D:10     | Noticed a two-headed ogre
 12534 | D:10     | Killed a two-headed ogre
 12586 | D:10     | Found a shimmering blue altar of Sif Muna.
 12666 | D:10     | Found Unink's Magic Scroll Boutique.
 12680 | D:10     | Bought a scroll of enchant weapon for 120 gold pieces
 12680 | D:10     | Bought a scroll of enchant weapon for 120 gold pieces
 12680 | D:10     | Bought a scroll of vulnerability for 120 gold pieces
 12880 | Lair:1   | Entered Level 1 of the Lair of Beasts
 14067 | Lair:2   | Noticed an orange crystal statue
 14142 | Lair:2   | Gained mutation: You are mostly covered in thin metallic
                  | scales. (AC +3) [demonic ancestry]
 14142 | Lair:2   | Reached XP level 12. HP: 76/95 MP: 12/12
 14751 | Lair:2   | Noticed a four-headed hydra
 14765 | Lair:2   | Killed a four-headed hydra
 14771 | Lair:2   | Reached skill level 12 in Maces & Flails
 15103 | Lair:3   | Noticed Nergalle
 15103 | Lair:3   | Noticed an eight-headed hydra
 15160 | Lair:3   | Noticed Urug
 15169 | Lair:3   | Killed Urug
 15555 | Lair:4   | Reached skill level 10 in Fighting
 16117 | Lair:4   | Found a hole to the Spider Nest.
 16138 | Lair:4   | Found a staircase to the Shoals.
 16478 | Lair:4   | Received a gift from Trog
 17498 | Lair:4   | Killed an eight-headed hydra
 17757 | Lair:3   | Killed Nergalle
 18026 | Lair:5   | Gained mutation: You have claws for feet. [demonic
                  | ancestry]
 18026 | Lair:5   | Reached XP level 13. HP: 102/104 MP: 4/13
 18285 | Lair:5   | Reached skill level 13 in Maces & Flails
 18779 | Lair:5   | Got a pitted ring mail
 18794 | Lair:5   | Identified the +0 ring mail "Komot" {+Blink rElec Dex-4}
                  | (You found it on level 5 of the Lair of Beasts)
 19502 | Lair:5   | Got a warped leather armour
 19516 | Lair:5   | Identified the +3 leather armour "Coedifoi" {*Corrode rPois
                  | MR+ Str+4} (You found it on level 5 of the Lair of Beasts)
 19752 | Lair:6   | Entered Level 6 of the Lair of Beasts
 19994 | Lair:6   | Reached skill level 10 in Dodging
 20359 | Lair:6   | Received a gift from Trog
 20571 | Lair:6   | Reached skill level 14 in Maces & Flails
 20621 | Lair:6   | Gained mutation: You sometimes gain power by taking damage.
                  | [demonic ancestry]
 20621 | Lair:6   | Reached XP level 14. HP: 64/113 MP: 4/14
 21342 | Lair:6   | Found a viscous altar of Jiyva.
 21343 | Lair:6   | Found a staircase to the Slime Pits.
 21735 | Orc:1    | Entered Level 1 of the Orcish Mines
 21784 | Orc:2    | Entered Level 2 of the Orcish Mines
 22436 | Orc:1    | Received a gift from Trog
 23262 | Orc:2    | Found a staircase to the Elven Halls.
 23400 | Orc:2    | HP: 3/114 [orc knight/+0 halberd (12)]
 23422 | Orc:2    | HP: 5/171 [orc high priest/divine providence (11)]
 23424 | Orc:2    | Killed from afar by an orc high priest

Illustrated notes

Levels and vault maps discovered:
D:1:      kilobyte_arrival_exit_the_forest, layout_basic,
          hangedman_decor_slide_cut, st_stairs_10, minmay_pentomino_q2
D:2:      kb_forest_paths, layout_basic, fiery_altar_vehumet, first_ration,
          uniq_robin, uniq_terence
D:3:      layout_rooms, lemuel_crystal_altar
D:4:      layout_cave_pools, minmay_temple_entry_offerings
D:5:      layout_cave_pods, uniq_ijyb
D:6:      layout_loops_ring, lightli_temple_of_fire
D:7:      minmay_clustersquares, layout_loops_ring, grunt_temple_overflow_open
D:8:      layout_basic, serial_shops, shop, hangedman_ranch
          [blue_anna_fruit_fields], minivault_29
D:9:      layout_rooms, erik_lair_dragon, orc_0_dummy, serial_shops,
          nicolae_shop_waterfront
D:10:     layout_cave_pools, basic_altar, serial_shops, shop, uniq_fannar
Temple:   kb_temple_of_zot
Lair:1:   layout_gridlike
Lair:2:   layout_loops_ring, disabler_island
Lair:3:   layout_big_grid, infiniplex_staircase_pool, uniq_urug, uniq_nergalle
Lair:4:   layout_roguey [special_room_bee], elwin_shoals_entry_stream,
          spider_nest_entry_web_field, lightli_volcano_entry_magma_tube
Lair:5:   layout_gridlike, kennysheep_rathole
Lair:6:   minmay_lair_end_frog_pond, layout_loops_ring, slime_altar_1,
          grunt_forest_small_clearings, minivault_25, st_stairs_8,
          columned_hall_lemuel
Orc:1:    layout_diamond_mine, basic_altar, serial_shops,
          nicolae_shop_temple_entry_statues_fountains
Orc:2:    st_orc_pillars, layout_caves, nicolae_orc_lava_tube,
          nicolae_orc_flooded_monolith

Skill      XL: |  1  2  3  4  5  6  7  8  9 10 11 12 13 |
---------------+----------------------------------------+-----
Maces & Flails | 3 4 5 6 9 10 11 12 14 | 14.4
Armour         | 2 3 4 6 7 8 |  8.7
Dodging        | 2 3 4 6 7 8 9 10 | 10.6
Fighting       | 4 5 7 8 9 10 11 | 11.7
Shields        | 3 4 5 6 7 8 |  8.0

Action                   |  1- 3 |  4- 6 |  7- 9 | 10-12 | 13-15 || total
-------------------------+-------+-------+-------+-------+-------++-------
Melee: Mace              |    63 |   183 |   177 |       |       ||   423
       Kick              |    11 |    45 |   129 |   443 |   257 ||   885
       Flail             |       |       |    23 |   348 |       ||   371
       Whip              |       |       |   228 |   848 |       ||  1076
       Demon whip        |       |       |       |    83 |   675 ||   758
Throw: Throwing net      |       |       |       |     2 |       ||     2
Invok: Berserk           |     1 |     2 |     3 |    18 |     8 ||    32
       Trog's Hand       |       |       |       |     2 |     4 ||     6
       Brothers in Arms  |       |       |       |       |     1 ||     1
Evoke: Wand              |       |     3 |       |     5 |       ||     8
  Use: Scroll            |       |    11 |    10 |    16 |     2 ||    39
       Potion            |       |     1 |     2 |     1 |     4 ||     8
 Stab: Sleeping          |     1 |     1 |       |       |       ||     2
       Held in net/web   |       |       |       |     2 |       ||     2
       Petrified         |       |       |       |       |     2 ||     2
  Eat: Chunk             |     1 |    11 |    12 |    41 |    21 ||    86
       Ration            |       |       |     1 |     3 |     1 ||     5
Armor: Animal skin       |     1 |       |       |       |       ||     1
       Leather armour    |       |    47 |       |       |    52 ||    99
       Ring mail         |       |     3 |   114 |   209 |    46 ||   372
       Skin              |       |     3 |       |       |       ||     3
Dodge: Dodged            |    34 |   126 |   179 |   479 |   214 ||  1032
       Repelled          |       |       |       |     7 |     2 ||     9
Block: Kite shield       |       |       |    52 |   482 |   240 ||   774
